 Dungeon Crawl Stone Soup version 0.18.0-1-g0107ab7 (webtiles) character file.

49409 barb4r1an the Fighter (level 14, -7/92 HPs)
             Began as a Gargoyle Berserker on May 5, 2016.
             Was a High Priest of Trog.
             Killed by divine providence
             ... invoked by a smoke demon
              (14 damage)
             ... on level 8 of the Lair of Beasts.
             The game lasted 00:35:21 (17551 turns).

barb4r1an the Fighter (Gargoyle Berserker)         Turns: 17551, Time: 00:35:22

Health: -7/92      AC: 31    Str: 30    XL:     14   Next: 50%
Magic:  14/14      EV: 13    Int: 10    God:    Trog [*****.]
Gold:   1098       SH: 12    Dex: 10    Spells: 0 memorised, 13 levels left

rFire  + + +     SeeInvis .     V - +6 war axe "Qoamank" {distort, rElec rF+ MR+}
rCold  . . .     Gourm    .     S - +4 chain mail "Oqojuj" {rF++}
rNeg   + . .     Faith    .     l - +1 buckler {AC+3}
rPois  ∞         Spirit   .     p - +0 helmet
rElec  +         Dismiss  .     i - +0 cloak
rCorr  .         Reflect  +     c - +0 pair of gloves
SustAt .         Harm     .     (no boots)
MR     +++++                    a - +3 amulet of reflection (curse)
Stlth  ..........               B - +5 ring of strength
                                t - ring of protection from magic

@: silence, flying, very slightly contaminated, regenerating, almost entirely
resistant to hostile enchantments, extremely unstealthy
A: big wings, large bone plates 1, clever 1, deformed body, mutation resistance
1, negative energy resistance 1, electricity resistance, unbreathing,
petrification resistance, rot immunity, AC +9
a: Stop Flying, Renounce Religion


You were on level 8 of the Lair of Beasts.
You worshipped Trog.
Trog was extremely pleased with you.
You were very hungry.

You visited 2 branches of the dungeon, and saw 20 of its levels.

You collected 1168 gold pieces.
You spent 70 gold pieces at shops.

Inventory:

Hand Weapons
 V - the +6 war axe "Qoamank" (weapon) {distort, rElec rF+ MR+}
   (You found it on level 11 of the Dungeon)

   It warps and distorts space around it.
   Unwielding it can cause banishment or high damage.
   It protects you from fire.
   It insulates you from electricity.
   It affects your resistance to hostile enchantments.
 Y - the +2 battleaxe of Sympomao {chop, Str+2 Int-5 Dex+6 Stlth+}
   (You found it on level 6 of the Lair of Beasts)

   It inflicts extra damage upon your enemies.
   It affects your strength (+2).
   It affects your intelligence (-5).
   It affects your dexterity (+6).
   It makes you more stealthy.
Armour
 c - a +0 pair of gloves (worn)
 i - a +0 cloak (worn)
 l - a +1 buckler of protection (worn)
 p - a +0 helmet (worn)
 S - the +4 chain mail "Oqojuj" (worn) {rF++}
   (You found it on level 3 of the Lair of Beasts)

   It greatly protects you from fire.
Jewellery
 a - a cursed +3 amulet of reflection (around neck)
 h - an uncursed ring of ice
 t - a ring of protection from magic (left hand)
 B - a +5 ring of strength (right hand)
Wands
 P - a wand of digging (12/24)
Scrolls
 e - 5 scrolls of enchant weapon
 f - 7 scrolls of enchant armour
 m - 3 scrolls of immolation
 n - 3 scrolls of blinking
 o - a scroll of identify
 s - 2 scrolls of torment
 v - 5 scrolls of fog
 w - 6 scrolls of remove curse
 x - a scroll of teleportation {unknown}
 D - 7 scrolls of recharging
 F - 2 scrolls of fear
 J - a scroll of silence
 K - 2 scrolls of random uselessness {unknown}
 L - 4 scrolls of noise
 M - a scroll of holy word {unknown}
 T - a scroll of summoning {unknown}
 U - a scroll of brand weapon {unknown}
Potions
 b - 2 potions of cancellation
 q - a potion of heal wounds
 r - 6 potions of curing
 u - 2 potions of lignification
 z - 6 potions of haste
 A - a potion of ambrosia
 E - a potion of magic {unknown}
 G - 4 potions of might
 O - a potion of invisibility {unknown}
 W - a potion of resistance
 X - a potion of cure mutation
Comestibles
 d - 40 fruits
 g - 5 beef jerkies
 j - 6 bread rations
 k - 2 slices of pizza
 H - 9 meat rations
 R - 10 royal jellies


   Skills:
 + Level 12.5 Fighting
 + Level 10.9 Axes
 + Level 12.3 Armour
 + Level 9.6 Dodging
 - Level 0.2 Stealth
 + Level 12.0 Shields


You had 13 spell levels left.
You didn't know any spells.

Dungeon Overview and Level Annotations

Branches:
Dungeon (12/15)            Temple (0/1) D:6            Lair (8/8) D:11
 Shoals (0/4) Lair:3        Snake (0/4) Lair:4          Orc (0/2) D:12
  Slime: Lair:6-8

Altars:
Ashenzari
Cheibriados
Dithmenos
Gozag
Kikubaaqudgha
Makhleb
Okawaru
Pakellas
Qazlal
Xom
The Shining One
Beogh

Shops:
D:6 *   D:8 :   D:12 [%

Annotations:
Lair:1 Gastronok


Innate Abilities, Weirdness & Mutations

You are resistant to torment.
Your stone body is resilient (AC +9).
You are immune to poison.
Your large and strong wings let you fly indefinitely.
You resist negative energy.
You are resistant to electric shocks.
You can survive without breathing.
You are immune to petrification.
You are immune to rotting.
You are partially covered in large bone plates (AC +2, SH +2).
Your mind is acute. (Int +2)
Armour fits poorly on your strangely shaped body.
You are somewhat resistant to further mutation.


Message History

The ice devil is almost dead.
You closely miss the ice devil.
The ice devil is lightly wounded.
The ice devil blinks!
The orange demon stings you but does no damage.
The ice devil hits you but does no damage.
The blink frog blinks!
You hit the ice devil but do no damage.
The ice devil is almost dead.
You barely miss the ice devil.
The ice devil is lightly wounded.
The ice devil blinks!
The orange demon barely misses you.
You slash the ice devil!
The ice devil is moderately wounded.
You slash the ice devil!
Space bends around the ice devil.
The ice devil is heavily wounded.
The ice devil blinks!
You block the orange demon's attack. The smoke demon gestures at you.
Something smites you!
You die...

♣♣..♣♣ .♣ ♣.4..♣ .♣♣
♣♣♣....♣ ♣♣.Y♣♣
♣.÷♣♣44♣♣♣ ♣♣....♣
4♣♣♣♣♣.4.♣♣ ♣♣♣Y.÷♣
♣♣ ♣♣..§♣♣♣♣
♣♣♣♣DF♣.♣♣
♣♣♣.4.4♣♣♣..4♣♣♣..♣♣
♣♣♣34444§.♣♣ ♣♣..♣♣
#### ♣♣♣.♣♣@♣♣
♣♣..♣♣
.F.#########+♣♣♣♣♣
♣♣..♣♣ 4..#........#
♣..♣..♣
.F4'...8.8..#
♣..♣♣.†♣♣
####4.8.8...# ♣.♣
♣♣..♣♣ ...#...8.8..#
♣.. ♣♣.†♣♣♣
.4.#†.8.8...# ♣..
♣♣♣..♣ 444†F..8.8..#
♣. ♣♣♣.
..4#†.8.8)..# ♣♣ ♣♣


You could see a four-headed hydra, an elephant, 2 orange demons, 3 ice devils, a
sixfirhy, a smoke demon, a blink frog and a red devil.

Vanquished Creatures
  Rupert (Lair:3)
  Maud (D:10)
  Nessos (Lair:5)
  Fannar (Lair:2)
  3 hydras
  The ghost of Arial99 the Thaumaturge, a journeyman DEFE of Vehumet (D:11)
  Nergalle (D:10)
  A sun demon (Lair:8)
  3 unseen horrors
  A wizard (Lair:8)
  A wolf spider zombie (D:12)
  2 hill giants
  An orc knight (D:11)
  A cyclops (D:12)
  An ugly thing (D:11)
  2 oklob plants (D:11)
  Maurice (D:10)
  A torpor snail (Lair:7)
  9 spiny frogs
  9 rime drakes
  5 komodo dragons
  A troll (D:12)
  A polar bear (Lair:6)
  19 blink frogs
  A snapping turtle (Lair:3)
  A wyvern (D:9)
  50 yaks
  3 basilisks
  5 hippogriffs
  A hungry ghost (D:12)
  A mottled dragon (D:11)
  A naga (Lair:4)
  2 soldier ants (D:11)
  A hell hound (Lair:8)
  7 water moccasins
  12 porcupines
  2 ice beasts
  An orc warrior (D:12)
  A sky beast (D:5)
  4 black bears
  2 necrophages
  4 wolves (Lair:3)
  4 ogres
  14 centaurs
  7 crocodiles
  2 big kobolds
  13 giant frogs
  4 scorpions
  2 wyvern skeletons
  18 killer bees
  An electric eel (Lair:6)
  2 centaur zombies
  4 crimson imps
  A giant frog zombie (D:11)
  A lava snake (Lair:1)
  8 orc priests
  A jelly (D:6)
  7 hounds
  7 orc wizards
  A centaur skeleton (D:7)
  A giant frog skeleton (D:7)
  11 iguanas
  Ijyb (D:2)
  7 worker ants
  A sheep (Lair:8)
  A hound skeleton (D:7)
  A worker ant zombie (D:7)
  13 gnolls
  12 adders
  67 river rats
  3 shadow imps
  2 adder skeletons
  4 dart slugs
  2 worms
  3 giant geckos
  43 orcs
  4 bats
  4 giant cockroaches
  9 goblins
  6 hobgoblins
  17 jackals
  13 kobolds
  4 quokkas
  A ball python (D:3)
  2 giant gecko skeletons
  6 giant newts
  2 quokka skeletons
  A quokka zombie (D:7)
  8 rats
  5 fungi
  5 plants
523 creatures vanquished.

Vanquished Creatures (collateral kills)
  3 hydras
  A naga warrior (D:11)
  2 griffons
  A cyclops (D:11)
  A spiny frog (Lair:6)
  A yak (Lair:6)
  A water moccasin (Lair:3)
  A centaur (Lair:3)
  A giant frog (D:11)
12 creatures vanquished.

Vanquished Creatures (others)
  Kirke (Lair:8)
  2 hydras
  2 spiny frogs
  2 ice devils (Lair:8)
  2 rime drakes (Lair:6)
  A komodo dragon (Lair:1)
  A polar bear (Lair:7)
  5 yaks
  2 humans (Lair:8)
  4 hogs (Lair:8)
  A naga (Lair:4)
  3 water moccasins
  A phantom (D:11)
  A centaur (D:7)
  A crocodile (Lair:7)
  3 giant frogs
  A scorpion (Lair:3)
  A hound (D:7)
  An orc wizard (D:7)
  An iguana (Lair:2)
  A worker ant (D:7)
  4 river rats
  An orc (D:7)
  A bush (Lair:7)
  12 fungi
  15 plants
70 creatures vanquished.

Grand Total: 605 creatures vanquished

Notes
Turn   | Place    | Note
--------------------------------------------------------------
     0 | D:1      | barb4r1an the Gargoyle Berserker began the quest for the Orb.
     0 | D:1      | Reached XP level 1. HP: 14/14 MP: 1/1
   402 | D:1      | Reached XP level 2. HP: 19/19 MP: 2/2
   933 | D:2      | Reached XP level 3. HP: 23/24 MP: 3/3
   940 | D:2      | Reached ** piety under Trog
  1417 | D:2      | HP: 1/24 [gnoll/spear (4)]
  1419 | D:1      | Reached XP level 4. HP: 2/29 MP: 4/4
  1722 | D:2      | Noticed Ijyb
  1728 | D:2      | Killed Ijyb
  1733 | D:2      | Reached XP level 5. HP: 33/33 MP: 5/5
  2778 | D:3      | Found an iron altar of Okawaru.
  2900 | D:4      | HP: 1/51 [orc priest/divine providence (11)]
  2902 | D:4      | Reached XP level 6. HP: 2/39 MP: 6/6
  3248 | D:4      | Found a shattered altar of Ashenzari.
  3477 | D:5      | Entered Level 5 of the Dungeon
  3529 | D:5      | Reached *** piety under Trog
  3529 | D:5      | Reached skill level 1 in Shields
  3697 | D:5      | Found a snail-covered altar of Cheibriados.
  3703 | D:5      | Found a shadowy altar of Dithmenos.
  3775 | D:5      | Reached skill level 5 in Fighting
  3991 | D:5      | Found an ancient bone altar of Kikubaaqudgha.
  3997 | D:5      | Reached XP level 7. HP: 42/44 MP: 7/7
  4045 | D:5      | Found an opulent altar of Gozag.
  4108 | D:5      | Found an oddly glowing altar of Pakellas.
  4110 | D:5      | Found a stormy altar of Qazlal.
  4748 | D:6      | Found a staircase to the Ecumenical Temple.
  4818 | D:6      | Reached XP level 8. HP: 51/51 MP: 8/8
  4902 | D:6      | Found Onoo's Assorted Antiques.
  4910 | D:6      | Bought 2 bubbling golden potions for 45 gold pieces
  4910 | D:6      | Bought a scroll labeled TAHOEN URYOL for 25 gold pieces
  5291 | D:7      | Killed a yak
  5300 | D:7      | Reached skill level 5 in Axes
  5302 | D:7      | Reached skill level 5 in Armour
  5467 | D:7      | Found a shimmering altar of Xom.
  5492 | D:7      | Reached **** piety under Trog
  5507 | D:7      | Reached XP level 9. HP: 50/56 MP: 9/9
  6005 | D:8      | Reached skill level 5 in Shields
  6019 | D:8      | Found Maol's Book Shop.
  6302 | D:8      | Found a glowing golden altar of the Shining One.
  6455 | D:9      | Noticed a hill giant
  6463 | D:9      | Reached skill level 5 in Dodging
  6465 | D:9      | Killed a hill giant
  6825 | D:9      | Reached XP level 10. HP: 63/63 MP: 10/10
  6966 | D:10     | Entered Level 10 of the Dungeon
  6970 | D:10     | Noticed Maud
  6978 | D:10     | Reached ***** piety under Trog
  6989 | D:10     | Killed Maud
  7196 | D:10     | Noticed Maurice
  7203 | D:10     | Killed Maurice
  7350 | D:10     | Noticed Nergalle
  7402 | D:10     | Killed Nergalle
  7402 | D:10     | Reached XP level 11. HP: 28/69 MP: 11/11
  7997 | D:10     | Killed an unseen horror
  8306 | D:11     | Noticed a brown ugly thing
  8315 | D:11     | Killed a brown ugly thing
  8445 | D:11     | Noticed a cyclops
  8547 | D:11     | Noticed an oklob plant
  8549 | D:11     | Found a staircase to the Lair.
  8552 | D:11     | Noticed an oklob plant
  8571 | D:11     | Killed an oklob plant
  8610 | D:11     | Killed an oklob plant
  8861 | D:11     | Killed an unseen horror
  9029 | D:11     | Noticed Arial99's ghost (journeyman DEFE)
  9042 | D:11     | Killed Arial99's ghost
  9050 | D:11     | Noticed a naga warrior
  9053 | D:11     | Found a large runed door.
  9053 | D:11     | Found a large runed door.
  9095 | D:11     | Noticed an orc knight
  9095 | D:11     | Noticed a hill giant
  9098 | D:11     | Found an iron altar of Okawaru.
  9098 | D:11     | Found an iron altar of Okawaru.
  9111 | D:11     | Killed a hill giant
  9122 | D:11     | Killed a naga warrior
  9124 | D:11     | Killed a cyclops
  9131 | D:11     | Killed an orc knight
  9131 | D:11     | Reached skill level 10 in Fighting
  9131 | D:11     | Reached XP level 12. HP: 36/77 MP: 12/12
  9167 | D:11     | Got an ichor-stained war axe
  9185 | D:11     | Identified the +6 war axe "Qoamank" {distort, rElec rF+ MR+} (You found it on level 11 of the Dungeon)
  9418 | D:11     | Gained mutation: You are somewhat resistant to further mutation. [potion of mutation]
  9418 | D:11     | Gained mutation: Armour fits poorly on your strangely shaped body. [potion of mutation]
  9474 | D:12     | Found Yqinifiw's Armour Boutique.
  9574 | D:12     | Found a roughly hewn altar of Beogh.
  9574 | D:12     | Found a staircase to the Orcish Mines.
  9866 | D:12     | Found Tunyxain's Food Boutique.
  9937 | D:12     | Reached skill level 10 in Armour
 10226 | Lair:1   | Entered Level 1 of the Lair of Beasts
 10233 | Lair:1   | Received a gift from Trog
 10297 | Lair:1   | Received a gift from Trog
 10323 | Lair:1   | Noticed Gastronok
 10427 | Lair:1   | Reached skill level 10 in Shields
 10625 | Lair:1   | Reached XP level 13. HP: 66/84 MP: 13/13
 12443 | Lair:2   | Gained mutation: You are partially covered in large bone plates (AC +2, SH +2). [potion of mutation]
 12444 | Lair:2   | Gained mutation: Your mind is acute. (Int +2) [potion of mutation]
 12860 | Lair:2   | Noticed Fannar
 12885 | Lair:2   | Killed Fannar
 13546 | Lair:3   | Got a bloodstained chain mail
 13557 | Lair:3   | Identified the +4 chain mail "Oqojuj" {rF++} (You found it on level 3 of the Lair of Beasts)
 13592 | Lair:3   | Noticed Rupert
 13613 | Lair:3   | Received a gift from Trog
 13625 | Lair:3   | Found a stormy altar of Qazlal.
 13759 | Lair:3   | Found a staircase to the Shoals.
 13880 | Lair:3   | Killed Rupert
 13880 | Lair:3   | Reached skill level 10 in Axes
 14221 | Lair:4   | Found a staircase to the Snake Pit.
 14260 | Lair:4   | Found an opulent altar of Gozag.
 15210 | Lair:5   | Noticed Nessos
 15233 | Lair:5   | Killed Nessos
 15505 | Lair:5   | Gained mutation: Your large and strong wings let you fly indefinitely. [Gargoyle growth]
 15505 | Lair:5   | Reached XP level 14. HP: 92/92 MP: 14/14
 15878 | Lair:6   | Got a crude battleaxe
 15879 | Lair:6   | Identified the +2 battleaxe of Sympomao {chop, Str+2 Int-5 Dex+6 Stlth+} (You found it on level 6 of the Lair of Beasts)
 16368 | Lair:7   | Received a gift from Trog
 17053 | Lair:8   | Entered Level 8 of the Lair of Beasts
 17064 | Lair:8   | Killed Kirke
 17456 | Lair:8   | Found a burning altar of Makhleb.
 17546 | Lair:8   | HP: 1/92 [smoke demon/divine providence (12)]
 17551 | Lair:8   | Killed from afar by a smoke demon

Skill      XL: |  1  2  3  4  5  6  7  8  9 10 11 12 13 14 |
---------------+-------------------------------------------+-----
Axes           | 3 4 5 6 7 8 9 10 | 10.9
Dodging        | 2 3 4 5 6 7 8 9 |  9.6
Fighting       | 4 5 6 7 8 10 12 | 12.5
Armour         | 3 4 5 7 8 9 10 11 12 | 12.3
Shields        | 1 3 4 6 7 8 10 11 12 | 12.0
Stealth        | |  0.2

Action                   |  1- 3 |  4- 6 |  7- 9 | 10-12 | 13-15 || total
-------------------------+-------+-------+-------+-------+-------++-------
Melee: Hand axe          |   117 |   137 |       |       |       ||   254
       War axe           |       |    36 |   258 |   539 |   551 ||  1384
Invok: Berserk           |       |     2 |       |     5 |     6 ||    13
       Trog's Hand       |       |     1 |       |     5 |     3 ||     9
       Burn Spellbooks   |       |       |       |     1 |     2 ||     3
       Brothers in Arms  |       |       |       |     2 |     6 ||     8
 Abil: Fly               |       |       |       |       |     1 ||     1
  Use: Scroll            |       |     6 |     1 |     9 |    13 ||    29
       Potion            |       |       |       |     3 |     3 ||     6
  Eat: Chunk             |     1 |     2 |     3 |     6 |     3 ||    15
       Bread ration      |       |     1 |     1 |     2 |     5 ||     9
       Meat ration       |       |     1 |       |     1 |       ||     2
       Royal jelly       |       |       |     1 |       |       ||     1
       Fruit             |       |       |       |     1 |       ||     1
       Pizza             |       |       |       |       |     1 ||     1
       Beef jerky        |       |       |       |       |     1 ||     1
Armor: Animal skin       |    38 |    10 |       |       |       ||    48
       Plate armour      |       |   101 |   226 |   305 |       ||   632
       Chain mail        |       |       |       |    63 |   312 ||   375
Dodge: Dodged            |    73 |    57 |   129 |   292 |   274 ||   825
Block: Buckler           |       |    32 |    84 |   190 |   300 ||   606
